 Dungeon Crawl Stone Soup version 0.29.1 (webtiles) character file.

Game seed: 6674644311160045149

120 greasedhog the Trooper (level 5, 0/34 HPs)
             Began as a Gargoyle Abyssal Knight on Sept 13, 2022.
             Was a Priest of Lugonu.
             Slain by a gnoll
             ... wielding a +0 halberd
              (6 damage)
             ... on level 3 of the Dungeon.
             The game lasted 00:02:05 (2692 turns).

greasedhog the Trooper (Gargoyle Abyssal Knight)    Turns: 2692, Time: 00:02:06

Health: 0/34       AC: 12    Str: 18    XL:     5   Next: 4%
Magic:  7/7        EV:  7    Int: 11    God:    Lugonu [***...]
Gold:   106        SH:  0    Dex: 10    Spells: 4/4 levels left

rFire   . . .      SeeInvis .   a - +0 flail
rCold   . . .      Faith    .   (no shield)
rNeg    + . .      Spirit   .   c - +0 chain mail
rPois   ∞          Reflect  .   (no helmet)
rElec   +          Harm     .   (no cloak)
rCorr   .          Rampage  .   (no gloves)
Will    .....                   (no boots)
Stlth   ..........              (no amulet)
HPRegen 0.11/turn               (no ring)
MPRegen 0.10/turn               (no ring)

@: no status effects
A: sickness immunity, AC +4, negative energy resistance 1, electricity
resistance, torment resistance 1, petrification resistance
a: Renounce Religion, Depart the Abyss, Bend Space, Banish


You were on level 3 of the Dungeon.
You worshipped Lugonu.
Lugonu was most pleased with you.
You visited 1 branch of the dungeon, and saw 3 of its levels.
You visited the Abyss 1 time.

You collected 106 gold pieces.

Inventory:

Hand Weapons
 a - a +0 flail (weapon)
Armour
 c - a +0 chain mail (worn)
Scrolls
 f - a scroll of identify
 h - a scroll of blinking
 j - a scroll of fear
Potions
 b - 2 potions of curing
 d - a potion of might {unknown}
 e - 2 potions of flight {unknown}
 g - 2 potions of lignification {unknown}


   Skills:
 * Level 4.4 Fighting
 * Level 3.3 Maces & Flails
 - Level 2.1 Armour
 - Level 0.7 Dodging
 * Level 3.4 Invocations


You had 4 spell levels left.
You didn't know any spells.
Your spell library was empty.

Dungeon Overview and Level Annotations

Branches:
Dungeon (3/15)

Altars:


Innate Abilities, Weirdness & Mutations

You are immune to sickness and miasma.
Your stone body is resilient. (AC +4)
You are immune to poison.
You resist negative energy. (rN+)
You are resistant to electric shocks. (rElec)
You are resistant to unholy torment.
You are immune to petrification.


Message History

The giant cockroach is heavily wounded.
The giant cockroach bites you but does no damage.
The giant cockroach barely misses you.
You closely miss the giant cockroach.
The giant cockroach is heavily wounded.
The gnoll hits you but does no damage. The giant cockroach barely misses you.
You closely miss the giant cockroach.
The giant cockroach is heavily wounded.
The giant cockroach bites you but does no damage.
The gnoll barely misses you.
The gnoll hits you from afar with a +0 halberd.
The giant cockroach bites you but does no damage.
The gnoll hits you but does no damage.
The gnoll hits you from afar with a +0 spear.
The gnoll barely misses you.
You barely miss the giant cockroach.
The giant cockroach is heavily wounded.
The giant cockroach bites you but does no damage.
The gnoll hits you from afar with a +0 halberd.
The gnoll hits you from afar with a +0 halberd!
The gnoll hits you but does no damage.
You closely miss the giant cockroach.
The giant cockroach is heavily wounded.
The giant cockroach bites you but does no damage.
The gnoll barely misses you. x2
The gnoll hits you from afar with a +0 spear.
The giant cockroach bites you but does no damage.
Unknown command.
You barely miss the giant cockroach.
The giant cockroach is heavily wounded.
The gnoll barely misses you.
The gnoll hits you from afar with a +0 halberd!
* * * LOW HITPOINT WARNING * * *
The gnoll hits you but does no damage.
The giant cockroach bites you but does no damage.
You sock the giant cockroach!
You kill the giant cockroach!
Lugonu accepts your kill.
The gnoll hits you from afar with a +0 halberd.
You die...

#.........#..#.............#.
+............##.#..........#.
#.........#.###....)###......
#.....#####.###.##..##...##..
..... ...........+....#.. ...
#....##.##.###...##.. ..
#....##..........##..
#<###g......##...#..
#..@'g.......#.#.#..
#....###g.......#...... ....#
###....#.#....#. ...
#.####.÷g..... .
...##....#.g...
....##....#.....
.................
.###.####<#.....# ..
#.#..#...


You could see 3 gnolls.

Vanquished Creatures
  2 adders (D:3)
  5 gnolls
  A worm (D:3)
  2 dart slugs
  An orc (D:3)
  3 ball pythons
  3 endoplasms
  3 giant cockroaches
  4 goblins
  2 hobgoblins
  3 jackals (D:2)
  5 kobolds
  2 quokkas
  5 bats
  5 rats
46 creatures vanquished.

Notes
Turn   | Place    | Note
-------+----------+-------------------------------------------
     0 | Abyss:1  | greasedhog the Gargoyle Abyssal Knight began the quest for
                  | the Orb.
     0 | Abyss:1  | Reached XP level 1. HP: 14/14 MP: 2/2
     1 | D:1      | Escaped the Abyss
    23 | D:1      | You fall into a shaft and drop 1 floor!
   123 | D:2      | Reached XP level 2. HP: 7/19 MP: 3/3
   974 | D:1      | Reached *** piety under Lugonu
   975 | D:1      | Reached XP level 3. HP: 24/24 MP: 4/4
  1797 | D:3      | Reached skill level 4 in Fighting
  1877 | D:3      | Reached XP level 4. HP: 20/29 MP: 6/6
  2471 | D:3      | Reached XP level 5. HP: 22/34 MP: 7/7
  2692 | D:3      | Slain by a gnoll

Illustrated notes

Levels and vault maps discovered:
D:1:      lightli_arrival_farm, layout_rooms, st_stairs_2
D:2:      layout_loops_cross
D:3:      layout_basic, nicolae_eternal_life

Skill      XL: |  1  2  3 |
---------------+----------+-----
Fighting       | 4 |  4.4
Invocations    | 3 |  3.4
Maces & Flails | 3 |  3.3
Armour         | |  2.1
Dodging        | |  0.7

Action                   |  1- 3 |  4- 6 || total
-------------------------+-------+-------++-------
Melee: Mace              |   110 |     8 ||   118
       Punch             |     1 |     1 ||     2
       Flail             |       |    38 ||    38
  Use: Scroll            |     4 |       ||     4
Armor: Chain mail        |    94 |    42 ||   136
       Leather armour    |     1 |       ||     1
Dodge: Dodged            |    47 |    28 ||    75
